[Event "Titled Tuesday Blitz June 14 Late 2022"]
[White "Isajevsky, Anton"]
[Black "Kosteniuk, Alexandra"]
[WhiteFideId "4142500"]
[BlackFideId "4128125"]
[WhiteElo "2510"]
[BlackElo "2469"]
[Result "0-1"]
[Round "11"]
[TimeControl "180+1"]
[Date "2022.06.14"]
[WhiteClock "0:00:24"]
[BlackClock "0:01:30"]

1. c4 e5 2. g3 Nf6 3. Bg2 d5 4. cxd5 Nxd5 5. Nf3 Nc6 6. O-O Nb6 7. b3 Be7 8. Bb2 f6 9. d3 O-O 10. Nbd2 Be6 11. Rc1 Qc8 12. Re1 Rd8 13. Ne4 a5 14. a3 Bd5 15. Qc2 Qe6 16. Ned2 Qf7 17. Red1 Nd7 18. Rb1 Nc5 19. Bc1 Ne6 20. e3 Nc5 21. Nc4 e4 22. Ne1 exd3 23. Nxd3 Bxg2 24. Kxg2 Qd5+ 25. e4 Qxe4+ 26. f3 Qg6 0-1


[Site "https://www.chess.com"]

[Event "Titled Tuesday Blitz June 14 Late 2022"]
[White "Jocev, Milan"]
[Black "Estrada Nieto, Julian"]
[WhiteFideId "900680"]
[BlackFideId "5101018"]
[WhiteElo "2322"]
[BlackElo "2252"]
[Result "1/2-1/2"]
[Round "11"]
[TimeControl "180+1"]
[Date "2022.06.15"]
[WhiteClock "0:00:22"]
[BlackClock "0:00:04"]

1. Nf3 Nf6 2. b3 d5 3. Bb2 Bg4 4. e3 Nbd7 5. Be2 e6 6. O-O Bd6 7. c4 c6 8. d4 O-O 9. Nbd2 a5 10. Ne5 Bf5 11. g4 Bg6 12. h4 h6 13. Nxg6 fxg6 14. f4 Bb4 15. g5 Bxd2 16. Qxd2 Ne4 17. Qd3 Qe7 18. Bf3 Ng3 19. Qxg6 Nxf1 20. Rxf1 hxg5 21. hxg5 Qf7 22. Bh5 Qxg6 23. Bxg6 a4 24. e4 axb3 25. axb3 Ra2 26. Rf2 dxe4 27. Bxe4 Rxb2 28. Rxb2 Rxf4 29. Re2 Rg4+ 30. Bg2 Nf8 31. Re4 Rxg5 32. Kf2 Kf7 33. Bh3 Rg6 34. b4 Rf6+ 35. Kg3 Ng6 36. b5 cxb5 37. cxb5 Ne7 38. b6 Nd5 39. Re5 Nxb6 40. Rb5 Rg6+ 41. Bg4 Nd5 42. Rxb7+ Kf6 43. Kf3 Ne3 44. Bxe6 Kxe6 45. Rb6+ Kf5 46. Rxg6 Kxg6 47. Kxe3 Kf6 48. Kf4 Ke6 49. Kg5 Kd5 50. Kg6 Kxd4 51. Kxg7 1/2-1/2


[Site "https://www.chess.com"]

[Event "Titled Tuesday Blitz June 14 Late 2022"]
[White "Kalajzic, Ivan"]
[Black "Rosen, Eric"]
[WhiteFideId "14506378"]
[BlackFideId "2032562"]
[WhiteElo "2163"]
[BlackElo "2362"]
[Result "0-1"]
[Round "11"]
[TimeControl "180+1"]
[Date "2022.06.15"]
[WhiteClock "0:00:04"]
[BlackClock "0:01:01"]

1. b3 e5 2. Bb2 Nc6 3. e3 Nf6 4. Bb5 e4 5. f3 a6 6. Bxc6 dxc6 7. Nc3 Bd6 8. Qe2 Qe7 9. O-O-O Bf5 10. Kb1 O-O-O 11. fxe4 Nxe4 12. Nf3 f6 13. Nxe4 Bxe4 14. d3 Bg6 15. e4 Rhe8 16. g4 Ba3 17. Bc3 Qc5 18. Qe1 Bxe4 19. d4 Qd5 20. Nd2 Bxh1 21. Qxh1 Qxh1 22. Rxh1 c5 23. Nc4 cxd4 24. Bd2 Bc5 25. g5 b5 26. Na5 Re2 27. Bf4 d3 28. cxd3 Rxd3 29. Nc6 fxg5 30. Bxg5 Ba3 31. Bc1 Bxc1 32. Rxc1 Kb7 33. Na5+ Kb6 34. b4 c5 0-1


[Site "https://www.chess.com"]

[Event "Titled Tuesday Blitz June 14 Late 2022"]
[White "Kim, Sergey"]
[Black "Beulen, Marcel"]
[WhiteFideId "13700570"]
[BlackFideId "1001450"]
[WhiteElo "2587"]
[BlackElo "2410"]
[Result "1-0"]
[Round "11"]
[TimeControl "180+1"]
[Date "2022.06.15"]
[WhiteClock "0:00:29"]
[BlackClock "0:00:02"]

1. d4 d5 2. c4 c6 3. Nf3 Nf6 4. Qc2 dxc4 5. Qxc4 Bg4 6. Nbd2 Nbd7 7. e3 e6 8. Be2 Be7 9. O-O O-O 10. Rd1 c5 11. Nf1 Nb6 12. Qb5 cxd4 13. Nxd4 Bxe2 14. Qxe2 Qe8 15. Qf3 Nbd5 16. e4 Nb4 17. a3 Nc6 18. Be3 Ne5 19. Qf4 Nc4 20. e5 Nd5 21. Qg3 Nxb2 22. Bh6 g6 23. Rdb1 Nc4 24. Bxf8 Bxf8 25. Rxb7 Bc5 26. Nf3 Bb6 27. Ng5 Nc7 28. Qf4 Na5 29. Ne4 Qe7 30. Qh6 Nxb7 31. Nf6+ Qxf6 32. exf6 Ne8 33. Qg5 Bd4 34. Rb1 Bxf6 35. Qf4 Nbd6 36. h4 h5 37. Ng3 Kg7 38. Qf3 Rc8 39. Qe3 Rc2 40. Qxa7 Nc4 41. Ne4 Be5 42. a4 Ned6 43. Nxd6 Nxd6 44. Qe3 Bf6 45. Qd3 Ra2 46. Qxd6 1-0


[Site "https://www.chess.com"]

[Event "Titled Tuesday Blitz June 14 Late 2022"]
[White "Korchmar, Vasiliy"]
[Black "Deac, Bogdan-Daniel"]
[WhiteFideId "24131750"]
[BlackFideId "1226380"]
[WhiteElo "2370"]
[BlackElo "2648"]
[Result "0-1"]
[Round "11"]
[TimeControl "180+1"]
[Date "2022.06.14"]
[WhiteClock "0:00:03"]
[BlackClock "0:00:03"]

1. e4 c5 2. Nf3 d6 3. d4 cxd4 4. Nxd4 Nf6 5. Nc3 a6 6. f3 e5 7. Nb3 Be6 8. Be3 h5 9. Nd5 Bxd5 10. exd5 Nbd7 11. c4 g6 12. Bd3 b6 13. Qd2 Bg7 14. O-O O-O 15. f4 Ng4 16. f5 e4 17. Be2 Nde5 18. Nd4 Qh4 19. h3 Nxe3 20. Qxe3 Rac8 21. fxg6 fxg6 22. Ne6 Rxf1+ 23. Rxf1 Nd7 24. b3 Be5 25. Bd1 Nc5 26. Bc2 Re8 27. Kh1 Nxe6 28. dxe6 Rxe6 29. Bxe4 Kg7 30. Bd5 Rf6 31. Rxf6 Qxf6 32. Qf3 Qe7 33. Qf2 b5 34. cxb5 axb5 35. a4 bxa4 36. bxa4 Qc7 37. Qf1 h4 38. Be4 Qc3 0-1


[Site "https://www.chess.com"]

[Event "Titled Tuesday Blitz June 14 Late 2022"]
[White "Kostiukov, Alexandr"]
[Black "Prieto Aranguren, Alain"]
[WhiteFideId "14108100"]
[BlackFideId "2268906"]
[WhiteElo "2202"]
[BlackElo "2224"]
[Result "0-1"]
[Round "11"]
[TimeControl "180+1"]
[Date "2022.06.15"]
[WhiteClock "0:00:01"]
[BlackClock "0:00:35"]

1. g3 h5 2. Nf3 h4 3. Nxh4 Rxh4 4. gxh4 e6 5. d4 Qxh4 6. Qd3 c5 7. dxc5 Na6 8. Qg3 Qh7 9. c3 Nxc5 10. Nd2 Qc2 11. Bg2 d5 12. O-O Nf6 13. e4 dxe4 14. b4 Na4 15. Nc4 Qxc3 16. Nd6+ Bxd6 17. Qxd6 Bd7 18. Be3 Nd5 19. Rac1 Qxb4 20. Qe5 Nac3 21. Qxg7 Ne2+ 22. Kh1 Nxc1 23. Rxc1 Nxe3 24. fxe3 Bc6 25. Rf1 Qf8 26. Qf6 Rd8 27. Qe5 Qd6 28. Qh8+ Qf8 29. Qe5 Kd7 30. Bxe4 Bxe4+ 31. Qxe4 Kc8 32. Qe5 Qd6 33. Rc1+ Kb8 34. Qf6 Qd5+ 35. Kg1 Qd2 0-1


[Site "https://www.chess.com"]

[Event "Titled Tuesday Blitz June 14 Late 2022"]
[White "Kozak, Adam"]
[Black "Holt, Conrad"]
[WhiteFideId "753246"]
[BlackFideId "2034387"]
[WhiteElo "2459"]
[BlackElo "2586"]
[Result "1-0"]
[Round "11"]
[TimeControl "180+1"]
[Date "2022.06.14"]
[WhiteClock "0:02:21"]
[BlackClock "0:01:44"]

1. Nf3 d5 2. g3 Bg4 3. Bg2 Nd7 4. O-O e6 5. h3 Bh5 6. d4 Bd6 7. c4 c6 8. Nc3 dxc4 9. b3 Bb4 10. Qc2 Bg6 11. e4 cxb3 12. Qxb3 Bxc3 13. Qxc3 Bxe4 14. Ba3 Ngf6 15. Rfe1 Rc8 16. Qb3 c5 17. dxc5 Bc6 18. Nd4 Bxg2 19. Nxe6 fxe6 20. Qxe6+ 1-0


[Site "https://www.chess.com"]

[Event "Titled Tuesday Blitz June 14 Late 2022"]
[White "Kozin, Yuri"]
[Black "Golubev, Mikhail"]
[WhiteFideId "4129920"]
[BlackFideId "14100983"]
[WhiteElo "2538"]
[BlackElo "2374"]
[Result "1-0"]
[Round "11"]
[TimeControl "180+1"]
[Date "2022.06.15"]
[WhiteClock "0:00:29"]
[BlackClock "0:00:02"]

1. e4 c5 2. Nf3 d6 3. d4 Nf6 4. Nc3 cxd4 5. Nxd4 g6 6. Bc4 Bg7 7. Bb3 O-O 8. h3 Nc6 9. Be3 Na5 10. O-O b6 11. Qd3 Bb7 12. Rfe1 Rc8 13. Rad1 Nd7 14. Bg5 h6 15. Bh4 Nxb3 16. axb3 Rc5 17. Nd5 g5 18. Bg3 Bxd5 19. exd5 Rxd5 20. Qe4 Rxd4 21. Rxd4 Bxd4 22. Qxd4 f6 23. Qe4 Rf7 24. Qb7 Nc5 25. Qxa7 e5 26. Qa3 d5 27. Rd1 Ne6 28. f3 Kg7 29. Bf2 Rd7 30. Qb4 d4 31. Ra1 Nf4 32. Ra6 Qc8 33. Qa4 Rc7 34. Ra8 Qe6 35. Qb4 Rxc2 36. Qf8+ Kg6 37. Qh8 1-0


[Site "https://www.chess.com"]

[Event "Titled Tuesday Blitz June 14 Late 2022"]
[White "Ladan, Nicholas"]
[Black "Romero Ruscalleda, Josep"]
[WhiteFideId "30918855"]
[BlackFideId "2231859"]
[WhiteElo "2167"]
[BlackElo "2358"]
[Result "1/2-1/2"]
[Round "11"]
[TimeControl "180+1"]
[Date "2022.06.15"]
[WhiteClock "0:00:06"]
[BlackClock "0:00:31"]

1. d4 g6 2. e4 Bg7 3. h4 h5 4. Nf3 d6 5. Bc4 Nf6 6. Nc3 Bg4 7. Be3 Nc6 8. a3 e5 9. Qd2 Bxf3 10. gxf3 exd4 11. Bxd4 Nxd4 12. Qxd4 O-O 13. Qd2 Kh7 14. O-O-O a6 15. Kb1 b5 16. Ba2 Rb8 17. Nd5 Nxd5 18. Qxd5 Qf6 19. c3 Qxf3 20. Rhg1 Qf6 21. Rdf1 b4 22. axb4 Rxb4 23. e5 Qf5+ 24. Ka1 Rb5 25. Qc6 Qc2 26. Rb1 Bxe5 27. Qxc7 Rxb2 28. Rxb2 Bxc3 29. Qb7 Qxf2 30. Rc1 Bxb2+ 31. Qxb2 Qxh4 32. Rd1 Qf4 33. Qc3 Qe5 34. Kb2 h4 35. Rd4 Rb8+ 36. Bb3 Qe2+ 37. Ka3 Qf2 38. Rd2 Qc5+ 39. Qxc5 dxc5 40. Bxf7 g5 41. Be6 Rb4 42. Rd5 Rb5 43. Rxg5 Kh6 44. Rg4 Kh5 45. Rg8 Rb4 46. Bd7 Rd4 47. Bc8 c4 48. Kb4 a5+ 49. Kxa5 c3 50. Bf5 Rd5+ 51. Kb4 Rxf5 52. Kxc3 Rg5 53. Rh8+ Kg4 54. Kd3 Re5 55. Rg8+ Kh3 56. Kd4 Re7 57. Kd3 Kh2 58. Kd2 h3 59. Kd3 Kh1 60. Kd2 Ra7 61. Kd1 Ra2 62. Ke1 Rg2 63. Rh8 Kh2 64. Kf1 Rg7 65. Kf2 Rf7+ 66. Ke2 Rf4 67. Rg8 Ra4 68. Kf2 Ra3 69. Kf1 Ra2 70. Rg7 Kh1 71. Rg8 Ra1+ 72. Kf2 Ra2+ 73. Kf1 Rg2 74. Rh8 Rg3 75. Kf2 Kh2 76. Rf8 Ra3 77. Rg8 Ra2+ 78. Kf1 Kh1 79. Rg7 h2 80. Rg8 Ra1+ 81. Kf2 Rg1 82. Rh8 Rg2+ 83. Kf1 Ra2 84. Rg8 Ra1+ 85. Kf2 Ra2+ 86. Kf1 1/2-1/2


[Site "https://www.chess.com"]

[Event "Titled Tuesday Blitz June 14 Late 2022"]
[White "Lashkin, Jegor"]
[Black "Martinez Alcantara, Jose Eduardo"]
[WhiteFideId "13907808"]
[BlackFideId "3805662"]
[WhiteElo "2368"]
[BlackElo "2703"]
[Result "0-1"]
[Round "11"]
[TimeControl "180+1"]
[Date "2022.06.14"]
[WhiteClock "0:00:01"]
[BlackClock "0:00:04"]

1. d4 Nf6 2. c4 e6 3. Nf3 Bb4+ 4. Bd2 Qe7 5. e3 b6 6. Bd3 Bb7 7. Bxb4 Qxb4+ 8. Qd2 Qe7 9. Nc3 d6 10. e4 Nbd7 11. O-O O-O 12. Rfe1 e5 13. Rac1 a5 14. Nd5 Qd8 15. Bb1 Re8 16. Rcd1 exd4 17. Nxd4 Nc5 18. f3 g6 19. Nb5 Nxd5 20. exd5 Qd7 21. Nd4 Re7 22. Nf5 Re5 23. Rxe5 dxe5 24. Re1 f6 25. Nh6+ Kg7 26. Ng4 Rf8 27. h4 Kg8 28. h5 gxh5 29. Nh6+ Kh8 30. Nf5 Qf7 31. f4 Bc8 32. fxe5 fxe5 33. Rxe5 Qf6 34. Qe3 Bd7 35. Bc2 h4 36. Kh2 Rg8 37. Qf4 Qg5 38. Qf2 Bxf5 39. Rxf5 Qg3+ 40. Qxg3 hxg3+ 41. Kg1 Re8 42. Kf1 h6 43. Rf7 Rc8 44. Rf3 Rg8 45. b3 Rg4 46. a3 Kg8 47. b4 axb4 48. axb4 Nb7 49. Bd3 h5 50. Rf6 Rd4 51. Be2 h4 52. Re6 Nd6 53. c5 bxc5 54. bxc5 Nf7 55. Re7 Rxd5 56. Rxc7 Ne5 57. c6 Kf8 58. Rc8+ Ke7 59. c7 Rc5 60. Rh8 Rxc7 0-1


[Site "https://www.chess.com"]

[Event "Titled Tuesday Blitz June 14 Late 2022"]
[White "Le Goff, Ronan"]
[Black "Bolanos, Fernando"]
[WhiteFideId "612073"]
[BlackFideId "3304094"]
[WhiteElo "2276"]
[BlackElo "2048"]
[Result "1-0"]
[Round "11"]
[TimeControl "180+1"]
[Date "2022.06.15"]
[WhiteClock "0:00:48"]
[BlackClock "0:00:03"]

1. d4 f6 2. e4 e5 3. dxe5 Nc6 4. Nf3 fxe5 5. Bc4 Nf6 6. O-O Bc5 7. Nc3 d6 8. Bg5 Bg4 9. a3 Qd7 10. Qd3 O-O-O 11. b4 Bb6 12. Rab1 Rdf8 13. a4 h6 14. Bh4 Nh5 15. Bg3 Bxf3 16. gxf3 Nf4 17. Bxf4 Rxf4 18. a5 Bd4 19. Nd5 Rh4 20. f4 Rh3 21. Qe2 exf4 22. Rb3 Rxb3 23. Bxb3 f3 24. Qxf3 Be5 25. c3 Nd4 26. cxd4 1-0


[Site "https://www.chess.com"]

[Event "Titled Tuesday Blitz June 14 Late 2022"]
[White "Livaic, Leon"]
[Black "Leiva, Gianmarco"]
[WhiteFideId "14531534"]
[BlackFideId "3804399"]
[WhiteElo "2540"]
[BlackElo "2323"]
[Result "0-1"]
[Round "11"]
[TimeControl "180+1"]
[Date "2022.06.14"]
[WhiteClock "0:00:53"]
[BlackClock "0:00:51"]

1. e4 c5 2. Nf3 d6 3. d4 cxd4 4. Nxd4 Nf6 5. Nc3 a6 6. a3 e5 7. Nf5 d5 8. Bg5 d4 9. Bxf6 Qxf6 10. Nd5 Qd8 11. Bc4 Nd7 12. Qf3 Nf6 13. O-O-O Be6 14. Nxf6+ Qxf6 15. Qb3 Rc8 16. Bd5 Bxd5 17. Qxd5 g6 18. Qxb7 Qe6 19. Ng3 Bh6+ 20. Kb1 O-O 21. Qb3 Rc4 22. h4 Rfc8 23. h5 Bf8 24. hxg6 hxg6 25. Rh3 Rxc2 26. Qxe6 fxe6 27. Rf1 Rd2 28. Ka1 Rcc2 29. Rb1 Bxa3 0-1


[Site "https://www.chess.com"]

[Event "Titled Tuesday Blitz June 14 Late 2022"]
[White "Mammadova, Gulnar"]
[Black "Toncheva, Nadya"]
[WhiteFideId "13403508"]
[BlackFideId "2924056"]
[WhiteElo "2255"]
[BlackElo "1888"]
[Result "0-1"]
[Round "11"]
[TimeControl "180+1"]
[Date "2022.06.14"]
[WhiteClock "0:01:14"]
[BlackClock "0:00:08"]

1. e4 c5 2. Nf3 d6 3. Bb5+ Nc6 4. d4 cxd4 5. Qxd4 Bd7 6. Bxc6 Bxc6 7. Nc3 Nf6 8. Bg5 e6 9. O-O-O Be7 10. Qd3 Qa5 11. Bd2 Rc8 12. a3 Qc7 13. Rhe1 a6 14. h4 O-O 15. Nd4 Rfd8 16. f3 e5 17. Nf5 d5 18. exd5 Nxd5 19. Qc4 Bf8 20. Bg5 f6 21. Bd2 Kh8 22. h5 b5 23. Qg4 Bd7 24. Qe4 Bxf5 25. Qxf5 Bxa3 26. h6 Nxc3 27. hxg7+ Kg8 28. Bxc3 Qxc3 29. Qe6+ Kxg7 30. Rd7+ Rxd7 31. Qxd7+ Kf8 32. Qd2 Bxb2+ 33. Kd1 Qxd2+ 34. Kxd2 Bc3+ 35. Kd3 Bxe1 36. f4 exf4 0-1


[Site "https://www.chess.com"]

[Event "Titled Tuesday Blitz June 14 Late 2022"]
[White "Martin Carmona, Gaston Manuel"]
[Black "Remolar Gallen, Jose"]
[WhiteFideId "22284567"]
[BlackFideId "2215187"]
[WhiteElo "2162"]
[BlackElo "2205"]
[Result "0-1"]
[Round "11"]
[TimeControl "180+1"]
[Date "2022.06.14"]
[WhiteClock "0:00:03"]
[BlackClock "0:00:16"]

1. d4 Nf6 2. c4 g6 3. Nc3 Bg7 4. Nf3 O-O 5. g3 d6 6. Bg2 Nc6 7. O-O a6 8. d5 Na5 9. b3 c5 10. dxc6 Nxc6 11. Bb2 Ne4 12. Qc1 Nxc3 13. Bxc3 Bxc3 14. Qxc3 Qa5 15. Qe3 Qc5 16. Qh6 f6 17. Rfd1 Be6 18. Rac1 a5 19. Ne1 a4 20. Nd3 Qa3 21. Nf4 Bf7 22. Bd5 Ne5 23. Rb1 Qxa2 24. bxa4 Qxa4 25. Rd4 Qc2 26. Rbd1 Ng4 27. Qh3 e5 28. R4d2 Qf5 29. e4 Qc8 30. Bxf7+ Rxf7 31. Nd5 Ra6 32. f3 f5 33. fxg4 fxg4 34. Qg2 Ra3 35. Rf2 Raf3 36. Rxf3 gxf3 37. Qxf3 Qxc4 38. Qe3 b5 39. Kg2 b4 40. Rd2 b3 41. Rf2 Rxf2+ 42. Qxf2 Qc2 43. Ne7+ Kg7 0-1


[Site "https://www.chess.com"]

[Event "Titled Tuesday Blitz June 14 Late 2022"]
[White "Martinez Reyes, Pedro Ramon"]
[Black "Yaksin, Oleg"]
[WhiteFideId "3901807"]
[BlackFideId "24105880"]
[WhiteElo "2410"]
[BlackElo "2256"]
[Result "0-1"]
[Round "11"]
[TimeControl "180+1"]
[Date "2022.06.14"]
[WhiteClock "0:00:10"]
[BlackClock "0:00:08"]

1. Nf3 d5 2. c4 c6 3. cxd5 cxd5 4. d4 Nf6 5. Nc3 Nc6 6. Bf4 a6 7. e3 e6 8. Bd3 Bd6 9. Ne5 Bxe5 10. dxe5 Nd7 11. Qg4 Ncxe5 12. Qxg7 Nxd3+ 13. Kd2 Qf6 14. Qxf6 Nxf6 15. Kxd3 Rg8 16. Rhg1 Bd7 17. h3 Rc8 18. g4 Ke7 19. Rgc1 b5 20. f3 b4 21. Nd1 Bb5+ 22. Kd2 Nd7 23. a4 Bc4 24. b3 Bxb3 25. Nb2 a5 26. Bc7 Ra8 27. Rc6 Rgc8 28. Rac1 Ke8 29. f4 Nf6 30. Kd3 Kd7 31. Rd6+ Ke7 32. Rdc6 Ne4 33. Be5 Kd7 34. Rc7+ Kd8 35. f5 Rxc7 36. Bxc7+ Kd7 37. Bb6 Ra6 38. Rc7+ Kd6 39. Rb7 Kc6 40. Rxf7 Rxb6 41. f6 Rb8 42. Rxh7 Nxf6 43. Rh6 Ne4 44. Rxe6+ Kd7 45. Ra6 Rh8 46. Rxa5 Rxh3 47. Kd4 Nd6 48. Nd3 Bc4 49. Ne5+ Ke6 50. Ra6 Rg3 51. Ra7 b3 52. Nc6 b2 53. Re7+ Kf6 54. Rd7 b1=Q 55. Rxd6+ Kg7 56. Ne5 Qe4+ 57. Kc5 Qxe5 58. Rd7+ Kg6 59. Rd6+ Kg5 60. Rc6 Qxe3+ 61. Kd6 Rxg4 62. Kc7 Qe7+ 63. Kb6 Re4 64. a5 Re6 65. a6 Rxc6+ 66. Ka5 Rxa6# 0-1


[Site "https://www.chess.com"]

[Event "Titled Tuesday Blitz June 14 Late 2022"]
[White "Mekhitarian, Krikor Sevag"]
[Black "Jobava, Baadur"]
[WhiteFideId "2107660"]
[BlackFideId "13601520"]
[WhiteElo "2611"]
[BlackElo "2617"]
[Result "0-1"]
[Round "11"]
[TimeControl "180+1"]
[Date "2022.06.14"]
[WhiteClock "0:00:01"]
[BlackClock "0:00:21"]

1. d4 Nf6 2. Nf3 e6 3. g3 b5 4. Qd3 Bb7 5. Qxb5 Bxf3 6. exf3 Nc6 7. c3 Rb8 8. Qd3 d5 9. Bg2 h5 10. O-O h4 11. Re1 Bd6 12. Nd2 Ne7 13. b3 c5 14. dxc5 Bxc5 15. Nf1 Kf8 16. Be3 Qc7 17. c4 Bxe3 18. Nxe3 Rd8 19. cxd5 Nexd5 20. Nxd5 Nxd5 21. Red1 Ke7 22. Qd4 g5 23. f4 hxg3 24. hxg3 gxf4 25. Bxd5 fxg3 26. Qb4+ Kf6 27. Qd4+ Ke7 28. Qb4+ Rd6 29. Bg2 gxf2+ 30. Kf1 Rd8 31. Rxd6 Qxd6 32. Qxd6+ Rxd6 33. Kxf2 Rd2+ 34. Kg3 Kd6 35. Bf3 Rb2 36. Kf4 f5 37. Rd1+ Ke7 38. Re1 Kf6 39. Re2 Rb1 40. Kg3 e5 41. Bd5 e4 42. Kf4 Rf1+ 43. Kg3 Ke5 44. Bc6 Rc1 45. Bb7 Rc7 46. Ba6 f4+ 47. Kf2 Rg7 48. Bb7 e3+ 49. Kf3 Rg3# 0-1


[Site "https://www.chess.com"]

[Event "Titled Tuesday Blitz June 14 Late 2022"]
[White "Mickiewicz, Piotr"]
[Black "Przybylski, Wojciech"]
[WhiteFideId "1114891"]
[BlackFideId "1117599"]
[WhiteElo "2209"]
[BlackElo "2133"]
[Result "1-0"]
[Round "11"]
[TimeControl "180+1"]
[Date "2022.06.14"]
[WhiteClock "0:00:03"]
[BlackClock "0:00:06"]

1. e4 c5 2. Nf3 e6 3. d4 cxd4 4. Nxd4 Nc6 5. Nc3 Qc7 6. g3 a6 7. Bg2 Nf6 8. O-O Be7 9. Re1 d6 10. Nxc6 bxc6 11. e5 dxe5 12. Rxe5 O-O 13. Re1 Rd8 14. Qe2 Nd5 15. Ne4 e5 16. c4 Nb4 17. Be3 Bf5 18. b3 a5 19. Rad1 a4 20. a3 Na6 21. b4 Rxd1 22. Rxd1 Rd8 23. g4 Be6 24. Rxd8+ Qxd8 25. Nc3 h5 26. h3 hxg4 27. hxg4 Qc8 28. Bf3 Nxb4 29. axb4 Bxb4 30. Nxa4 c5 31. Nb6 Qa6 32. Nd5 e4 33. Bxe4 Qa1+ 34. Kg2 Qe5 35. Bf4 Qd4 36. Kg3 Qa1 37. Kg2 Qd4 38. g5 Qa1 39. Ne7+ Kf8 40. Bd6 Ke8 41. Bc6+ Kd8 42. Nd5 Qd4 43. Bg3 f6 44. Qe3 Qxe3 45. Nxe3 fxg5 46. Kf3 Bc3 47. Ke4 Bd4 48. Bd5 Bd7 49. Nf5 Bf6 50. Ne3 g4 51. Be5 Be7 52. Bxg7 g3 53. Be5 Bh3 54. fxg3 Bg5 55. g4 Bf1 56. Nf5 Be2 57. Nd6 Kd7 58. Nf7 Ke7 59. Nxg5 Bd3+ 60. Kf4 Bc2 61. Ne4 Kd7 62. Bf6 Bd3 63. Be5 Ke7 64. Nxc5 Bc2 65. Ne4 Kf8 66. Bf6 Bd3 67. Be5 Bc2 68. g5 Ke7 69. g6 Bxe4 70. Kxe4 Kd7 71. g7 Ke7 72. g8=Q Kd7 73. Qf7+ Kd8 74. Qc7+ Ke8 75. Bc6+ Kf8 76. Qg7# 1-0


[Site "https://www.chess.com"]

[Event "Titled Tuesday Blitz June 14 Late 2022"]
[White "Mikhailov, Viacheslav"]
[Black "Zhigalko, Sergei"]
[WhiteFideId "4187369"]
[BlackFideId "13502956"]
[WhiteElo "2381"]
[BlackElo "2662"]
[Result "1-0"]
[Round "11"]
[TimeControl "180+1"]
[Date "2022.06.14"]
[WhiteClock "0:00:24"]
[BlackClock "0:00:02"]

1. Nf3 d5 2. g3 c6 3. Bg2 Bg4 4. O-O Nd7 5. d4 e6 6. c4 Ngf6 7. Nc3 Be7 8. Qb3 Qb6 9. c5 Qa6 10. Re1 b6 11. cxb6 axb6 12. h3 Bh5 13. e4 O-O 14. e5 Ne8 15. Be3 Nc7 16. Rec1 Rfc8 17. a4 c5 18. g4 Bg6 19. Bf1 c4 20. Qd1 Bb4 21. b3 Bxc3 22. Rxc3 b5 23. Rcc1 Qb6 24. axb5 Rxa1 25. Rxa1 c3 26. Nh4 Nxb5 27. Nxg6 hxg6 28. Qd3 Rb8 29. Ra4 Qc6 30. Rb4 Nc7 31. Rxb8+ Nxb8 32. b4 c2 33. b5 c1=Q 34. bxc6 Qxc6 35. Qa3 Nd7 36. Qe7 Nf8 37. Bd2 Qd7 38. Qc5 Qd8 39. Ba5 Qg5 40. Bxc7 Qf4 41. Bd6 1-0


[Site "https://www.chess.com"]

[Event "Titled Tuesday Blitz June 14 Late 2022"]
[White "OKEKE, Isaac Chukwudalu"]
[Black "Florescu, Codrut-Constantin"]
[WhiteFideId "8508526"]
[BlackFideId "1202200"]
[WhiteElo "2102"]
[BlackElo "2191"]
[Result "0-1"]
[Round "11"]
[TimeControl "180+1"]
[Date "2022.06.15"]
[WhiteClock "0:00:11"]
[BlackClock "0:01:02"]

1. d4 Nf6 2. c4 e6 3. Nf3 b6 4. Nc3 Bb4 5. Qc2 Bb7 6. e3 Ne4 7. Bd3 f5 8. O-O Bxc3 9. bxc3 O-O 10. a4 a5 11. Nd2 Qh4 12. f3 Nxd2 13. Qxd2 Nc6 14. Qf2 Qxf2+ 15. Kxf2 Ba6 16. Ke2 d6 17. Ba3 Rf7 18. e4 fxe4 19. fxe4 e5 20. Ke3 Raf8 21. Rxf7 Rxf7 22. Rf1 Rxf1 23. Bxf1 Kf7 24. Be2 Kf6 25. h4 h6 26. g4 Nd8 27. Kd3 Ne6 28. Bc1 Nf4+ 29. Bxf4 exf4 30. Kd2 Bc8 31. Ke1 Bd7 32. Bd1 g5 33. h5 f3 34. Bxf3 Bxa4 35. Kd2 Bb3 36. Be2 a4 37. Kc1 a3 38. Kb1 c5 39. Kc1 Ke7 40. Kb1 Kd8 41. Kc1 Kc7 42. Kb1 Kb8 43. Kc1 Ka7 44. Kb1 Ka6 45. Kc1 Ka5 46. Kb1 cxd4 47. cxd4 Kb4 48. Ka1 Bxc4 49. Bf3 Kc3 50. e5 dxe5 51. dxe5 Be6 0-1


[Site "https://www.chess.com"]

[Event "Titled Tuesday Blitz June 14 Late 2022"]
[White "Oro, Luis"]
[Black "Omariev, Maksim"]
[WhiteFideId "104094"]
[BlackFideId "4193423"]
[WhiteElo "2367"]
[BlackElo "2459"]
[Result "0-1"]
[Round "11"]
[TimeControl "180+1"]
[Date "2022.06.15"]
[WhiteClock "0:00:03"]
[BlackClock "0:00:03"]

1. e4 c5 2. Nf3 d6 3. d4 cxd4 4. Nxd4 Nf6 5. Nc3 a6 6. f3 e6 7. Be3 Be7 8. Qd2 b5 9. O-O-O Bb7 10. g4 Nfd7 11. h4 Nb6 12. h5 h6 13. Nb3 Nc4 14. Bxc4 bxc4 15. Nd4 Nd7 16. Rhg1 Rb8 17. g5 hxg5 18. Bxg5 Nf6 19. h6 g6 20. Qe3 Ba8 21. e5 Nd5 22. Nxd5 Bxd5 23. Bxe7 Qxe7 24. exd6 Qxd6 25. Rh1 Qb4 26. Qc3 Qxc3 27. bxc3 Ke7 28. Rh3 Rh7 29. Rdh1 Rbh8 30. Ne2 g5 31. R1h2 f5 32. Kd2 Kf6 33. Ke3 Kg6 34. Rg3 Kf6 35. Rh5 f4+ 36. Nxf4 gxf4+ 37. Kxf4 Rxh6 38. Rhg5 Rh4+ 39. Ke3 R8h6 40. Rg7 Rh3 41. Rxh3 Rxh3 42. Ra7 Rxf3+ 43. Kd4 Rf2 44. Rxa6 Rd2+ 45. Kc5 Rxc2 46. Kd4 Rd2+ 47. Kc5 Kf5 48. a4 Ra2 49. a5 Ke4 50. Ra7 Kd3 51. a6 Kxc3 52. Kb6 Kb2 53. Rd7 c3 0-1


[Site "https://www.chess.com"]

[Event "Titled Tuesday Blitz June 14 Late 2022"]
[White "Pace, Christopher"]
[Black "Bobadilla Viera, Jorge Samuel"]
[WhiteFideId "2610167"]
[BlackFideId "3906353"]
[WhiteElo "2428"]
[BlackElo "2202"]
[Result "0-1"]
[Round "11"]
[TimeControl "180+1"]
[Date "2022.06.14"]
[WhiteClock "0:02:06"]
[BlackClock "0:02:30"]

1. e4 c5 2. Nf3 d6 3. d4 cxd4 4. Nxd4 Nf6 5. Nc3 a6 6. Bc4 e6 7. Bg5 Nbd7 8. Qd2 b5 9. Bb3 Nc5 10. f3 Bb7 11. O-O-O Be7 12. h4 O-O 13. g4 Rc8 14. Qe3 Qa5 15. h5 b4 16. Nce2 Nxb3+ 17. Qxb3 Qxg5+ 0-1


[Site "https://www.chess.com"]

[Event "Titled Tuesday Blitz June 14 Late 2022"]
[White "Papp, Levente"]
[Black "Kubatko, Ivan"]
[WhiteFideId "751243"]
[BlackFideId "24111473"]
[WhiteElo "2308"]
[BlackElo "2285"]
[Result "1-0"]
[Round "11"]
[TimeControl "180+1"]
[Date "2022.06.15"]
[WhiteClock "0:00:06"]
[BlackClock "0:00:02"]

1. c4 e6 2. Nf3 d5 3. g3 c5 4. Bg2 d4 5. O-O Nc6 6. e3 Nf6 7. e4 Nxe4 8. a3 Be7 9. b4 cxb4 10. axb4 Bxb4 11. Bb2 Nc5 12. Na3 O-O 13. Nc2 d3 14. Nxb4 Nxb4 15. Nd4 Bd7 16. Qh5 Nba6 17. Rfe1 Qf6 18. Rab1 Qg6 19. Qh4 Rfe8 20. Bf3 e5 21. Nb5 e4 22. Bg2 Rac8 23. Nxa7 Rcd8 24. Nb5 Bc6 25. Nd4 Bd7 26. h3 h5 27. Bc3 Bc6 28. Rb6 Rd6 29. f3 Red8 30. f4 Be8 31. f5 Qh6 32. Rxd6 Qxd6 33. f6 g6 34. Nf5 Qf8 35. Ne7+ Kh7 36. g4 Qh6 37. g5 Qf8 38. Rxe4 Nxe4 39. Bxe4 Kh8 40. Nxg6+ fxg6 41. f7+ Qg7 42. f8=Q+ 1-0


[Site "https://www.chess.com"]

[Event "Titled Tuesday Blitz June 14 Late 2022"]
[White "Petrovic, Aleksa"]
[Black "Donskov, Anatoly"]
[WhiteFideId "967629"]
[BlackFideId "24143413"]
[WhiteElo "2117"]
[BlackElo "2219"]
[Result "0-1"]
[Round "11"]
[TimeControl "180+1"]
[Date "2022.06.15"]
[WhiteClock "0:00:18"]
[BlackClock "0:00:44"]

1. d4 d5 2. c4 dxc4 3. Nf3 Nf6 4. Nc3 a6 5. e4 b5 6. e5 Nd5 7. Ng5 e6 8. Qf3 Qd7 9. Nxd5 exd5 10. g3 Qe7 11. Qxd5 Ra7 12. Qf3 Bb7 13. Ne4 Nc6 14. Be3 Qb4+ 15. Bd2 Qxb2 16. Bc3 Bb4 17. Rd1 O-O 18. Bg2 Bxc3+ 19. Qxc3 Qxc3+ 20. Nxc3 Nb4 21. Bxb7 Rxb7 22. O-O Nd3 23. f4 Rd8 24. Ne2 b4 25. Rd2 Rd5 26. Rc2 c3 27. Rd1 Nb2 28. Rb1 a5 29. a3 Rdb5 30. Kg2 Nc4 31. axb4 Ne3+ 32. Kf3 Nxc2 0-1


[Site "https://www.chess.com"]